Map: Prion Terraces

Players

페이커 - Winner!

  • Race: Terran Terran
  • League: Diamond

ILLBdA

  • Race: Terran Terran
  • League: Diamond

VOD

Have the link to the VOD?

Description

Time

  • Played on: Dec. 14, 2015, 7:33 a.m.
  • Length: 6:26
Show
View Real Time Build Order
Export as new Build Order

페이커 Terran - Winner!

Build Orders: 1/1/1, Banshee Rush 

Get SALT Encoding   

  12  0:00  SCV  
  13  0:12  SCV  
  14  0:17  Supply Depot  
  14  0:24  SCV  
  15  0:28  Refinery  
  15  0:39  SCV  
  16  0:44  Barracks  
  16  0:51  SCV  
  17  1:03  SCV  
  18  1:04  Refinery  
  18  1:15  SCV  
  19  1:32  Marine  
  19  1:33  Factory  
  19  1:35  Orbital Command  
  20  1:46  Supply Depot  
  20  1:50  Marine  
  21  2:01  SCV  
  22  2:10  Marine  
  23  2:19  Starport  
  23  2:20  SCV  
  24  2:24  Supply Depot  
  24  2:27  Hellion  
  26  2:31  Barracks Tech Lab  
  26  2:34  SCV  
  27  2:48  SCV  
  28  2:52  Factory Tech Lab  
  28  3:02  Banshee  
  28  3:03  Cloaking Field  
  31  3:08  Engineering Bay  
  31  3:11  Cyclone  
  34  3:14  Marine  
  35  3:21  SCV  
  35  3:24  Supply Depot  
  36  3:32  Marine  
  37  3:46  Siege Tank  
  40  3:50  Marine  
  40  3:54  Banshee  
  42  4:37  Banshee  
  45  4:56  SCV  
  46  5:02  Command Center  
  46  5:03  Command Center  
  46  5:07  Siege Tank  
  47  5:28  Barracks  
  44  5:52  Barracks Reactor, Siege Tank  
  47  6:01  Supply Depot x2  
  47  6:09  Starport Reactor  
  47  6:13  SCV  
Show
View Real Time Build Order
Export as new Build Order

ILLBdA Terran 

Build Orders: 1/1/1 

Get SALT Encoding   

  12  0:00  SCV  
  13  0:13  SCV  
  14  0:18  Supply Depot  
  14  0:25  SCV  
  15  0:40  SCV  
  15  0:41  Barracks  
  16  0:47  Refinery  
  16  0:52  SCV  
  17  0:57  Refinery  
  18  1:04  SCV  
  18  1:16  SCV  
  19  1:27  Marine  
  19  1:30  Supply Depot  
  19  1:31  Orbital Command  
  20  1:44  Factory  
  20  1:49  Marine  
  21  2:02  SCV  
  21  2:07  Marine  
  23  2:14  SCV  
  24  2:25  Marine  
  24  2:27  Factory Tech Lab, Starport  
  25  2:30  Armory  
  25  2:36  Supply Depot  
  25  2:42  SCV  
  26  2:44  Marine  
  27  2:55  SCV  
  28  3:04  Medivac  
  30  3:18  Thor  
  36  3:21  Supply Depot  
  36  3:29  Engineering Bay  
  36  3:32  Marine  
  37  3:41  SCV  
  38  3:49  Marine  
  38  3:59  SCV, Missile Turret  
  39  4:25  SCV  
  39  4:26  Widow Mine  
  43  4:38  SCV  
  43  4:47  Factory x2  
  43  4:50  SCV  
  44  4:57  Supply Depot  
  42  5:19  SCV  
  43  5:24  Supply Depot  
  43  5:31  SCV, Factory Reactor x2  
  35  5:52  Missile Turret  
Tags
 
Matchup
TvT
Opening
1/1/11/1/1
Race
Terran
Replay Pack
me
Strategy
Banshee Rush
Add a new tag
Caveats
  • Supply blocks, unpowered buildings, or Contaminate may cause inaccurate times.
  • Supply counts are checked every 10 seconds.